 Dungeon Crawl Stone Soup version 0.31-a0-1005-gfbdfbacc72 (webtiles) character file.

Game seed: 6266407596896475954

83 Arzdou the Changeling (level 4, -3/32 HPs)
             Began as a Merfolk Shapeshifter on Nov 10, 2023.
             Slain by an orc
             ... wielding a +2 dagger of venom
              (4 damage)
             ... on level 4 of the Dungeon.
             The game lasted 00:03:53 (2043 turns).

Arzdou the Changeling (Merfolk Shapeshifter)        Turns: 2043, Time: 00:03:54

Health: -3/32      AC:  5    Str: 14    XL:     4   Next: 44%
Magic:  4/4        EV: 11    Int: 11    God:
Gold:   139        SH:  0    Dex: 13    Spells: 3/3 levels left

rFire   . . .        a - +0 dagger
rCold   . . .        (no shield)
rNeg    . . .        e - +0 ring mail
rPois   .            (helmet currently unavailable)
rElec   .            (cloak currently unavailable)
rCorr   .            (gloves currently unavailable)
SInv    .            (boots currently unavailable)
Will    .....        (no amulet)
Stlth   +            (no ring)
HPRegen 0.25/turn    (no ring)
MPRegen 0.09/turn

%: no passive effects
@: brilliant, lethally poisoned (-3 -> -13), beast-form
A: beast (slay +3), (nimble swimmer 2), mertail
a: Begin Untransformation


You were on level 4 of the Dungeon.
You were a hulking beast.
You visited 1 branch of the dungeon, and saw 4 of its levels.

You collected 139 gold pieces.

Inventory:

Hand Weapons
 a - a +0 dagger (weapon)
 b - a +2 sling of freezing
Missiles
 m - 3 javelins (quivered)
Armour
 e - a +0 ring mail (worn)
 i - a +0 animal skin
Talismans
 c - a beast talisman
 d - a flux talisman
Scrolls
 j - a scroll of teleportation {unknown}
 k - 2 scrolls of poison {unknown}
 l - a scroll of identify {unknown}
 p - a scroll of torment {unknown}
 r - a scroll of fear {unknown}
Potions
 f - a potion of attraction {unknown}
 g - 3 potions of brilliance
 h - a potion of mutation {unknown}
 n - a potion of lignification
 o - a potion of curing {unknown}
 q - a potion of cancellation {unknown}
 s - a potion of heal wounds {unknown}


   Skills:
 - Level 1.1 Fighting
 - Level 2.6 Dodging
 - Level 3.2 Unarmed Combat
 + Level 6.4 Shapeshifting


You had 3 spell levels left.
You didn't know any spells.
Your spell library contained the following spells:

 Spells                   Type           Power      Damage    Failure   Level
 Ozocubu's Armour         Ice            0%         N/A       91%         3
 Ozocubu's Refrigeration  Ice            0%         4d7       100%        7


Dungeon Overview and Level Annotations

Branches:
Dungeon (4/15)
 Temple: D:4-7

Altars:
Ashenzari

Annotations:
D:3 Ijyb
D:4 2 runed translucent doors, DEFE's ghost, amateur DsWn


Innate Abilities, Weirdness & Mutations

You are a hulking beast.
Your limbs bulge with bestial killing power. (Slay +3)
((You are very nimble when in or above water. (Stealth+, EV+, Speed+++)))
Your lower body shifts to a powerful aquatic tail in water.


Message History

The orc wizard hits you but does no damage.
You hit the orc wizard.
The orc wizard is heavily wounded.
The orc wizard closely misses you.
You hit the orc wizard.
The orc wizard is severely wounded.
The orc wizard completely misses you.
You barely miss the orc wizard.
The orc wizard is severely wounded.
The orc wizard hits you with a +0 dagger.
You hit the orc wizard.
The orc wizard is almost dead.
The orc wizard hits you but does no damage.
You closely miss the orc wizard. Your punch misses the orc wizard.
The orc wizard is almost dead.
The orc wizard barely misses you.
You hit the orc wizard.
The orc wizard is almost dead.
The orc wizard hits you with a +0 dagger.
You hit the orc wizard but do no damage.
The orc wizard is almost dead.
The orc wizard points at you and mumbles some strange words.
The puff of flame hits you!
* * * LOW HITPOINT WARNING * * *
You hit the orc wizard.
You kill the orc wizard!
You hit the orc.
The orc is moderately wounded.
The orc closely misses you.
You hit the orc.
The orc is heavily wounded.
The orc hits you with a +2 dagger of venom.
* * * LOW HITPOINT WARNING * * *
You are lethally poisoned!
It was a potion of brilliance.
You feel clever all of a sudden.
* * * LOW HITPOINT WARNING * * *
You feel very sick.
The orc hits you with a +2 dagger of venom.
You die...

...# ...# (..# ...# ...#
...# ...#
...################.###.
...'..).........ho).)...
...#####################
#### .# .##
..##############
........#......#
........#......#
........#......#


You could see an orc.

Vanquished Creatures
  An orc wizard (D:4)
  3 worms (D:2)
  2 dart slugs (D:1)
  2 orcs (D:4)
  4 ball pythons
  5 bats
  An endoplasm (D:1)
  2 giant cockroaches (D:1)
  3 hobgoblins (D:2)
  A quokka (D:1)
  5 frilled lizards
  9 goblins
  A kobold (D:3)
  5 rats
44 creatures vanquished.

Notes
Turn   | Place    | Note
-------+----------+-------------------------------------------
     0 | D:1      | Arzdou the Merfolk Shapeshifter began the quest for the
                  | Orb.
     0 | D:1      | Reached XP level 1. HP: 15/15 MP: 1/1
    85 | D:1      | Reached XP level 2. HP: 21/21 MP: 2/2
   253 | D:1      | Reached skill level 5 in Shapeshifting
   404 | D:1      | Reached XP level 3. HP: 26/26 MP: 3/3
   914 | D:2      | Found a faded altar of an unknown god.
   939 | D:2      | Found a broken altar of Ashenzari.
  1055 | D:2      | Identified the +1 leather armour "Xuucs" {Harm Str+2
                  | Stlth+}
  1552 | D:3      | Noticed Ijyb
  1937 | D:4      | Found a large runed translucent door.
  1939 | D:4      | Found a large runed translucent door.
  1940 | D:4      | Noticed DEFE's ghost (amateur DsWn)
  2021 | D:4      | Reached skill level 6 in Shapeshifting
  2022 | D:4      | Reached XP level 4. HP: 32/32 MP: 4/4
  2043 | D:4      | HP: 1/32 [poisoned by an orc]
  2043 | D:4      | Slain by an orc

Illustrated notes

Levels and vault maps discovered:
D:1:      dpeg_arrival_shrine, layout_loops_ring, minmay_cut_off
D:2:      layout_loops_cross, shapermc_ecumenical_altar_totnotflames,
          basic_altar
D:3:      kennysheep_goblin_castle, layout_basic,
          gammafunk_ghost_abyssal_escape, uniq_ijyb
D:4:      layout_basic, lemuel_doored_altar, dancing_weapons_uskayaw,
          ebering_ghost_disaster_area

Skill      XL: |  1  2  3 |
---------------+----------+-----
Shapeshifting  | 5 6 |  6.4
Fighting       | |  1.1
Dodging        | |  2.6
Unarmed Combat | |  3.2

Action                     |  1- 3 |  4- 6 || total
---------------------------+-------+-------++-------
  Melee: Unarmed           |    46 |       ||    46
         Battleaxe         |    12 |       ||    12
         Dagger            |    62 |    14 ||    76
         Punch             |     2 |       ||     2
   Fire: Sling             |    10 |       ||    10
    Use: Potion            |       |     1 ||     1
 Armour: Ring mail         |    67 |    12 ||    79
         Animal skin       |     3 |       ||     3
  Dodge: Dodged            |    66 |     7 ||    73

Table legend: (Time is in decaauts)
 A = Elapsed time spent in this place.
 B = Non-inter-level travel time spent in this place.
 C = Inter-level travel time spent in this place.
 D = Time resting spent in this place.
 E = Time spent auto-exploring this place.
 F = Levels seen in this place.
 G = Mean time per level.
                   A        B        C        D        E       F      G
               +--------+--------+--------+--------+--------+-----+--------+
         Total |   2045 |   1982 |     63 |    313 |   1310 |   4 |  511.2 |
       Dungeon |   2045 |   1982 |     63 |    313 |   1310 |   4 |  511.2 |
               +--------+--------+--------+--------+--------+-----+--------+

Top non-repeatable levels by time:
     D:2: 1139 daAuts
     D:1: 721 daAuts
     D:4: 141 daAuts
     D:3: 42 daAuts
